 Dungeon Crawl Stone Soup version 0.31-a0-1009-g454b1f1e0a (webtiles) character file.

Game seed: 14853936349910625196

6 kae the Vexing (level 1, 0/13 HPs)
             Began as a Demonspawn Enchanter on Nov 13, 2023.
             Slain by a quokka (2 damage)
             ... on level 1 of the Dungeon.
             The game lasted 00:00:24 (426 turns).

kae the Vexing (Demonspawn Enchanter)                Turns: 426, Time: 00:00:24

Health: 0/13       AC:  2    Str:  8    XL:     1   Next: 75%
Magic:  3/3        EV: 12    Int: 16    God:
Gold:   10         SH:  0    Dex: 13    Spells: 4/4 levels left

rFire   . . .        a - +1 dagger
rCold   . . .        (no shield)
rNeg    . . .        b - +0 robe
rPois   .            (no helmet)
rElec   .            (no cloak)
rCorr   .            (no gloves)
SInv    .            (no boots)
Will    .....        (no amulet)
Stlth   ++           (no ring)
HPRegen 0.22/turn    (no ring)
MPRegen 0.08/turn

%: no passive effects
@: no status effects
A: no striking features
a: no special abilities


You were on level 1 of the Dungeon.
You visited 1 branch of the dungeon, and saw 1 of its levels.

You collected 10 gold pieces.


   Skills:
 * Level 1.1 Short Blades
 - Level 1.7 Dodging
 + Level 2.7 Stealth
 + Level 2.0 Spellcasting
 * Level 3.1 Hexes


You had 4 spell levels left.
You didn't know any spells.
Your spell library contained the following spells:

 Spells                   Type           Power      Damage    Failure   Level
 Ensorcelled Hibernation  Hex/Ice        12%        N/A       16%         2
 Confusing Touch          Hex            11%        N/A       17%         3
 Tukima's Dance           Hex            11%        N/A       17%         3
 Sting                    Tmut/Pois      4%         1d3       21%         1
 Dazzling Flash           Conj/Hex       12%        N/A       32%         3
 Arcjolt                  Conj/Air       0%         1d10      99%         5
 Iskenderun's Battlesphe  Conj           1%         2d6       99%         5

Inventory:

Hand Weapons
 a - a +1 dagger (weapon)
Missiles
 d - 7 stones
Armour
 b - a +0 robe (worn)
Scrolls
 e - a scroll of poison {unknown}
Potions
 c - 2 potions of invisibility

Dungeon Overview and Level Annotations

Branches:
Dungeon (1/15) Zot: 5575

Altars:

..# #.#.# ... #..#
#.#.###..
#..######.#..... .
#..............##.#
#...............)..
###..............#..#
#..†..........r......
#..........>.@...# .#
#.#.#########.#..#..#
#.#.#######.#.......#
#.#.##...##.#....#..#
#.#.#....[.....#.# .#
#.#.#.......##.#.# #
#.#.#.......##.#.#
#.#.#.......##.#.#
#.#.#.......##.#.#
###


You could see a quokka.


Message History

Your Short Blades skill increases to level 1!
You see here a frilled lizard corpse. 😮 HP[+1]
d - 7 stones A giant cockroach comes into view. 😎 HP[+5]
Your hp is fully restored (13).
You hit the giant cockroach. The giant cockroach bites you. 😕 HP[-1]
You take 1 damage, and now have 12/13 hp.
You barely miss the giant cockroach. The giant cockroach misses you.
You closely miss the giant cockroach.
The giant cockroach misses you. 😎 HP[+1]
Your hp is fully restored (13).
You barely miss the giant cockroach. The giant cockroach closely misses you.
You hit the giant cockroach.
The giant cockroach completely misses you.
You hit the giant cockroach. The giant cockroach bites you.
The giant cockroach bites you but does no damage.
You closely miss the giant cockroach.
The giant cockroach completely misses you.
You hit the giant cockroach.
You kill the giant cockroach!
No target in view!
No target in view!
You see here an orb of wrath.
Unknown command.
A rat comes into view.
A rat is nearby!
The rat closely misses you.
You hit the rat.
You kill the rat!
No target in view!
No target in view!
You now have 10 gold pieces.
You open the door.
There is an open door here.
There is an open door here.
As you open the door, it creaks loudly!
No target in view!
No target in view!
There is an open door here.
You open the door.
There is an open door here.
You pick up the Directory of Tainted Combat Magic and begin reading...
You add the spells Sting, Iskenderun's Battlesphere and Arcjolt to your library.
e - a scroll labelled YKUODUEXAH A frilled lizard comes into view.
A frilled lizard is nearby!
The frilled lizard hisses angrily.
The frilled lizard closely misses you.
You closely miss the frilled lizard. The frilled lizard closely misses you.
You hit the frilled lizard.
A frilled lizard is nearby!
You hit the frilled lizard.
You kill the frilled lizard!
No target in view!
You see here a +0 robe.
A quokka and an endoplasm come into view.
Found a stone staircase leading down.
There are monsters nearby!
The endoplasm freezes you.
You are frozen.
You hit the endoplasm.
The endoplasm hits you but does no damage.
The quokka closely misses you. 😕 HP[-2]
You take 2 damage, and now have 11/13 hp.
There are monsters nearby!
You hit the endoplasm. The endoplasm freezes you.
You are frozen.
* * * LOW HITPOINT WARNING * * *
The quokka closely misses you.
You are too injured to fight recklessly! 😨 HP[-5]
You take 5 damage, and now have 6/13 hp.
MASSIVE DAMAGE!! (PAUSE)
You hit the endoplasm.
The endoplasm hits you but does no damage.
The quokka bites you.
* * * LOW HITPOINT WARNING * * *
😨 HP[-1]
You take 1 damage, and now have 5/13 hp.
You hit the endoplasm.
You kill the endoplasm!
The quokka closely misses you.
Unknown command.
You hit the quokka but do no damage. The quokka bites you.
* * * LOW HITPOINT WARNING * * *
😱 HP[-4]
You take 4 damage, and now have 1/13 hp.
MASSIVE DAMAGE!! (PAUSE)
You miss the quokka. The quokka closely misses you.
You hit the quokka. The quokka barely misses you.
You hit the quokka. The quokka barely misses you.
The quokka bites you but does no damage. 😱 HP[+1]
You closely miss the quokka. The quokka bites you.
You die...

Skill      XL: |  1 |
---------------+----+-----
Short Blades   | 1 |  1.1
Dodging        | |  1.7
Stealth        | |  2.7
Spellcasting   | |  2.0
Hexes          | |  3.1

Action                     || total
---------------------------++-------
  Melee: Dagger            ||    42
 Armour: Robe              ||    18
  Dodge: Dodged            ||    26

Levels and vault maps discovered:
D:1:      nagdon_arrival_zigzag_paths, layout_basic, serial_shops,
          nicolae_shop_gibbet_a_chance

Notes
Turn   | Place    | Note
-------+----------+-------------------------------------------
     0 | D:1      | kae the Demonspawn Enchanter began the quest for the Orb.
     0 | D:1      | Reached XP level 1. HP: 13/13 MP: 3/3
     0 | D:1      | magus.rc [v1.11.3]
   114 | D:1      | Reached skill level 1 in Short Blades
   337 | D:1      | You add the spells Sting, Iskenderun's Battlesphere and
                  | Arcjolt to your library.
   337 | D:1      | Got the Directory of Tainted Combat Magic
   422 | D:1      | HP: 1/13 [quokka (4)]
   426 | D:1      | Slain by a quokka

Vanquished Creatures
  An endoplasm (D:1)
  A giant cockroach (D:1)
  A quokka (D:1)
  2 frilled lizards (D:1)
  A rat (D:1)
6 creatures vanquished.

Table legend:
 A = Non-vault XP
 B = Vault XP
 C = Vault XP percentage of total XP
 D = Non-vault monster count
 E = Vault monster count
 F = Vault count percentage of total count
                 A         B        C        D         E       F
            +---------+---------+-------+---------+---------+-------
      Total |       9 |       0 |   0.0 |       6 |       0 |   0.0
            +---------+---------+-------+---------+---------+-------
        D:1 |       9 |       0 |   0.0 |       6 |       0 |   0.0
            +---------+---------+-------+---------+---------+-------

Skill      XL: |  1 |
---------------+----+-----
Short Blades   | 1 |  1.1
Dodging        | |  1.7
Stealth        | |  2.7
Spellcasting   | |  2.0
Hexes          | |  3.1

Action                     || total
---------------------------++-------
  Melee: Dagger            ||    42
 Armour: Robe              ||    18
  Dodge: Dodged            ||    26

Illustrated notes

Table legend:
 A = Kills in this place as a percentage of kills in the entire game.
 B = Kills by you in this place as a percentage of kills by you in the entire game.
 C = Kills by friends in this place as a percentage of kills by friends in the entire game.
 D = Other kills in this place as a percentage of other kills in the entire game.
 E = Experience gained in this place as a percentage of experience gained in the entire game.
 F = Experience gained in this place divided by the number of levels of this place that you have seen.
                   A       B       C       D       E      F
               +-------+-------+-------+-------+-------+----------------------
         Total | 100.0 | 100.0 |   N/A |   N/A | 100.0 |   9.0
       Dungeon | 100.0 | 100.0 |   N/A |   N/A | 100.0 |   9.0
               +-------+-------+-------+-------+-------+----------------------

Table legend: (Time is in decaauts)
 A = Elapsed time spent in this place.
 B = Non-inter-level travel time spent in this place.
 C = Inter-level travel time spent in this place.
 D = Time resting spent in this place.
 E = Time spent auto-exploring this place.
 F = Levels seen in this place.
 G = Mean time per level.
                   A        B        C        D        E       F      G
               +--------+--------+--------+--------+--------+-----+--------+
         Total |    423 |    423 |      0 |      0 |    356 |   1 |  423.0 |
       Dungeon |    423 |    423 |      0 |      0 |    356 |   1 |  423.0 |
               +--------+--------+--------+--------+--------+-----+--------+

Top non-repeatable levels by time:
     D:1: 423 daAuts
